 Dungeon Crawl Stone Soup version 0.26-a0-154-g3d63440f56 (webtiles) character file.

Game seed: 8584374919956850745

410 Gargoyl the Skirmisher (level 6, -1/51 HPs)
             Began as a Centaur Abyssal Knight on July 1, 2020.
             Was a Believer of Lugonu.
             Killed by nerve-wracking pain
             ... invoked by an orc priest
              (7 damage)
             ... on level 4 of the Dungeon.
             The game lasted 00:06:50 (4474 turns).

Gargoyl the Skirmisher (Centaur Abyssal Knight)     Turns: 4474, Time: 00:06:51

Health: -1/51      AC: 10    Str: 15    XL:     6   Next: 58%
Magic:  8/8        EV:  0    Int: 11    God:    Lugonu [**....]
Gold:   221        SH: 13    Dex: 10    Spells: 5/5 levels left

rFire    . . .     SeeInvis .   a - +1 hand axe
rCold    . . .     Faith    .   b - +2 tower shield
rNeg     + . .     Spirit   .   f - +1 chain mail {rN+}
rPois    .         Reflect  .   (no helmet)
rElec    .         Harm     .   d - +0 cloak
rCorr    .                      (no gloves)
MR       .....                  (no barding)
Stlth    ..........             h - amulet of magic regeneration
HPRegen  0.17/turn              (no ring)
MPRegen  0.36/turn              (no ring)

@: very quick
A: large, hooves 3, deformed body, speed 2, tough skin 3
a: Depart the Abyss, Bend Space, Renounce Religion


You were on level 4 of the Dungeon.
You worshipped Lugonu.
Lugonu was pleased with you.
You were not hungry.

You visited 1 branch of the dungeon, and saw 5 of its levels.
You visited the Abyss 1 time.

You collected 221 gold pieces.

Inventory:

Hand Weapons
 a - a +1 hand axe (weapon)
Armour
 b - a +2 tower shield (worn)
 d - a +0 cloak (worn)
 f - a +1 chain mail of positive energy (worn)
Jewellery
 h - an amulet of magic regeneration (around neck)
Scrolls
 j - 2 scrolls of remove curse
Comestibles
 c - 8 rations
 g - a chunk of flesh


   Skills:
 + Level 3.6 Fighting
 + Level 3.2 Axes
 * Level 3.0 Armour
 * Level 1.9 Dodging
 + Level 1.6 Shields
 * Level 3.3 Invocations


You had 5 spell levels left.
You didn't know any spells.
Your spell library was empty.

Dungeon Overview and Level Annotations

Branches:
Dungeon (5/15)
 Temple: D:4-7

Altars:
Fedhas

Shops:
D:5 *

Annotations:
D:3 Jessica, Sigmund
D:5 Prince Ribbit


Innate Abilities, Weirdness & Mutations

You have hooves in place of feet.
Armour fits poorly on your strangely shaped body.
You cover ground very quickly.
You have extremely tough skin. (AC +3)


Message History

Prince Ribbit blinks!
You climb upwards.
An orc priest comes into view. It is wielding a +0 falchion.
Found a spear.
There is a stone staircase leading down here. 2 orcs come into view.
The orc shouts! x2
An orc priest and a skeleton come into view.
The orc priest shouts!
You closely miss the orc priest. Your kick misses the orc priest.
An orc priest comes into view.
You block the orc priest's attack.
Unknown command.
A dart slug comes into view.
The dart slug moves out of view.
You hit the plant. You kick the plant.
The plant is lightly damaged.
The orc priest invokes the aid of Beogh against you.
Pain shoots through your body!
You die...

....... .......
......o##########
..Z.o.oo.>...P...
...o.###.##P.♣...#
... ##..o#.P♣ .# .
.#PP.P...♣ ..#
#....PP..♣P..#
....P)♣♣..@..P#
...PP♣♣PP..P..#
...... ♣..####.#
....#.P..## #
....w..# #... ####


You could see 2 orc priests, a dart slug and 2 orcs.

Vanquished Creatures
  An ice beast (D:5)
  A centaur zombie (D:5)
  An orc priest (D:4)
  A gnoll shaman (D:4)
  An orc wizard (D:3)
  A hound zombie (D:5)
  A worker ant zombie (D:3)
  An adder (D:2)
  6 gnolls
  An adder skeleton (D:5)
  A worm (D:2)
  2 dart slugs
  3 leopard geckos
  18 orcs
  4 giant cockroaches
  5 goblins
  7 hobgoblins
  2 jackals (D:2)
  2 quokkas
  3 ball pythons
  6 bats
  3 frilled lizards
  6 kobolds
  8 rats
85 creatures vanquished.

Notes
Turn   | Place    | Note
-------+----------+-------------------------------------------
     0 | Abyss:1  | Gargoyl the Centaur Abyssal Knight began the quest for the
                  | Orb.
     0 | Abyss:1  | Reached XP level 1. HP: 19/19 MP: 2/2
    21 | Abyss:2  | Noticed a quasit
    34 | Abyss:2  | Found a corrupted altar of Lugonu.
   112 | Abyss:3  | Noticed a small abomination
   145 | Abyss:3  | Noticed a small abomination
   148 | D:1      | Escaped the Abyss
   438 | D:1      | Reached XP level 2. HP: 5/26 MP: 3/3
   442 | D:1      | Reached * piety under Lugonu
  1154 | D:1      | Reached skill level 1 in Dodging
  1232 | D:1      | Reached XP level 3. HP: 31/31 MP: 4/4
  1939 | D:2      | Found a blossoming altar of Fedhas.
  2568 | D:2      | Reached XP level 4. HP: 38/38 MP: 5/5
  2628 | D:2      | Reached ** piety under Lugonu
  2697 | D:3      | Noticed Jessica
  3107 | D:3      | Noticed Sigmund
  3172 | D:4      | Reached XP level 5. HP: 17/45 MP: 6/6
  3644 | D:4      | HP: 1/45 [orc wizard/magic dart (8)]
  3657 | D:3      | HP: 2/45 [bat (1)]
  4083 | D:3      | Reached skill level 1 in Shields
  4247 | D:3      | You fall into a shaft and drop 2 floors!
  4247 | D:5      | Entered Level 5 of the Dungeon
  4254 | D:5      | Reached XP level 6. HP: 45/51 MP: 8/8
  4300 | D:5      | Found Masemad's Assorted Antiques.
  4311 | D:5      | Noticed an ice beast
  4327 | D:5      | Killed an ice beast
  4447 | D:5      | Noticed Prince Ribbit
  4474 | D:4      | Killed from afar by an orc priest

Illustrated notes

Levels and vault maps discovered:
D:1:      minmay_arrival_split_and_join, layout_basic
D:2:      layout_loops_ring, lemuel_doored_altar, minmay_tetromino_s4
D:3:      layout_rooms, grunt_temple_overflow_diamond, first_ration, uniq_ijyb,
          uniq_sigmund, uniq_jessica
D:4:      layout_basic, serial_forest, infiniplex_forest_clump_curved,
          infiniplex_forest_corner_2, infiniplex_forest_straight_2,
          infiniplex_forest_straight_2, infiniplex_forest_lined_4_way,
          infiniplex_forest_lined_corner, infiniplex_forest_clump_double,
          grunt_ministairs_10
D:5:      layout_loops_ring, ashenzari_altar_1, serial_shops,
          kennysheep_mini_moat, shop, nicolae_shop_overgrown_old_shop,
          kennysheep_mini, nicolae_shop_trees, minivault_1,
          chequers_serial_rivers_micro_e, uniq_duvessa, uniq_edmund,
          uniq_prince_ribbit1

Skill      XL: |  1  2  3  4  5  6 |
---------------+-------------------+-----
Axes           | 2 3 |  3.2
Dodging        | 1 |  1.9
Armour         | 2 3 |  3.0
Shields        | 1 |  1.6
Invocations    | 3 |  3.3
Fighting       | |  3.6

Action                   |  1- 3 |  4- 6 || total
-------------------------+-------+-------++-------
Melee: Hand axe          |   157 |   226 ||   383
       Kick              |    18 |    41 ||    59
Invok: Depart the Abyss  |     1 |       ||     1
       Bend Space        |       |     1 ||     1
  Use: Scroll            |     6 |     1 ||     7
       Potion            |       |     4 ||     4
  Eat: Chunk             |     4 |     6 ||    10
Armor: Chain mail        |   146 |   148 ||   294
       Leather armour    |     2 |       ||     2
       Skin              |       |    10 ||    10
Dodge: Dodged            |    34 |     8 ||    42
Block: Tower shield      |    36 |   219 ||   255

Table legend:
 A = Non-vault XP
 B = Vault XP
 C = Vault XP percentage of total XP
 D = Non-vault monster count
 E = Vault monster count
 F = Vault count percentage of total count
                 A         B        C        D         E       F
            +---------+---------+-------+---------+---------+-------
      Total |     582 |       5 |   0.9 |      84 |       1 |   1.2
            +---------+---------+-------+---------+---------+-------
        D:1 |      49 |       0 |   0.0 |      24 |       0 |   0.0
        D:2 |      91 |       5 |   5.2 |      23 |       1 |   4.2
        D:3 |     108 |       0 |   0.0 |      19 |       0 |   0.0
        D:4 |     121 |       0 |   0.0 |      12 |       0 |   0.0
        D:5 |     213 |       0 |   0.0 |       6 |       0 |   0.0
            +---------+---------+-------+---------+---------+-------
